 Dungeon Crawl Stone Soup version 0.20.1-1-g8b1a95d (webtiles) character file.

3567 mike239x the Magician (level 9, -2/73 HPs)
             Began as a Black Draconian Transmuter on Sept 21, 2017.
             Was a Priest of Sif Muna.
             Killed from afar by Erica (24 damage)
             ... with a bolt of poison
             ... on level 9 of the Dungeon on Sept 22, 2017.
             The game lasted 02:15:22 (10058 turns).

mike239x the Magician (Black Draconian Transmuter) Turns: 10058, Time: 02:15:23

Health: -2/73      AC: 11    Str: 10 (12) XL:     9   Next: 84%
Magic:  2/20       EV: 13    Int: 16 (17) God:    Sif Muna [***...]
Gold:   366        SH:  0    Dex:  9 (12) Spells: 4/23 levels left

rFire    . . .     SeeInvis +     - Unarmed
rCold    . . .     Gourm    .   (no shield)
rNeg     . . .     Faith    .   (armour unavailable)
rPois    .         Spirit   .   (helmet restricted)
rElec    +         Reflect  .   r - +0 cloak
rCorr    .         Harm     .   l - +1 pair of gloves
MR       .....                  m - +0 pair of boots
Stlth    ++........             d - amulet of regeneration
Regen    0.7/turn               x - ring of stealth
MPRegen  0.2/turn               S - ring of wizardry

@: lethally poisoned (-2 -> -6), divine energy
A: breathe lightning, unfitting armour, stinger 1, see invisible, clever 1,
electricity resistance, weak 1, cold-blooded, AC +7
a: Breathe Lightning, Stop Divine Energy, Channel Magic, Renounce Religion


You were on level 9 of the Dungeon.
You worshipped Sif Muna.
Sif Muna was most pleased with you.
You were not hungry.

You visited 2 branches of the dungeon, and saw 10 of its levels.
You also visited: Sewer.

You collected 366 gold pieces.

Inventory:

Hand Weapons
 q - a +5 quarterstaff of chaos
Missiles
 a - 64 arrows
 j - 316 stones (quivered)
Armour
 l - a +1 pair of gloves (worn)
 m - a +0 pair of boots (worn)
 r - a +0 cloak (worn)
Jewellery
 d - an amulet of regeneration (around neck)
 x - a ring of stealth (left hand)
 K - an uncursed ring of protection from fire
 P - a +2 ring of strength
 S - a ring of wizardry (right hand)
Wands
 p - a wand of scattershot (5/9)
Scrolls
 h - 4 scrolls of teleportation
 k - 8 scrolls of identify
 t - a scroll of fear
 y - 2 scrolls of fog
 A - a scroll of blinking
 F - a scroll of amnesia
 I - 2 scrolls of recharging
Potions
 e - 2 potions of curing
 i - a potion of berserk rage
 o - 5 potions of agility
 z - a potion of haste
 H - 2 potions of magic
Books
 b - a book of Changes

   Spells                             Type                      Level
   a - Beastly Appendage              Transmutation                1
   b - Sticks to Snakes               Transmutation                2
   c - Spider Form                    Transmutation/Poison         3
   d - Ice Form                       Ice/Transmutation            4
   e - Blade Hands                    Transmutation                5
 w - a book of Minor Magic

   Spells                             Type                      Level
   a - Magic Dart                     Conjuration                  1
   b - Blink                          Translocation                2
   c - Call Imp                       Summoning                    2
   d - Slow                           Hexes                        2
   e - Conjure Flame                  Conjuration/Fire             3
   f - Mephitic Cloud                 Conjuration/Poison/Air       3
 L - a book of Callings

   Spells                             Type                      Level
   a - Summon Small Mammal            Summoning                    1
   b - Call Imp                       Summoning                    2
   c - Call Canine Familiar           Summoning                    3
   d - Summon Guardian Golem          Hexes/Summoning              3
   e - Summon Lightning Spire         Summoning/Air                4
   f - Summon Ice Beast               Ice/Summoning                4
 R - a book of Power

   Spells                             Type                      Level
   a - Iskenderun's Battlesphere      Conjuration/Charms           5
   b - Venom Bolt                     Conjuration/Poison           5
   c - Bolt of Magma                  Conjuration/Fire/Earth       5
   d - Iron Shot                      Conjuration/Earth            6
   e - Orb of Destruction             Conjuration                  7
   f - Spellforged Servitor           Conjuration/Summoning        7
 U - a book of Frost

   Spells                             Type                      Level
   a - Freeze                         Ice                          1
   b - Throw Frost                    Conjuration/Ice              2
   c - Ozocubu's Armour               Charms/Ice                   3
   d - Throw Icicle                   Conjuration/Ice              4
   e - Summon Ice Beast               Ice/Summoning                4
 V - a book of Conjurations

   Spells                             Type                      Level
   a - Magic Dart                     Conjuration                  1
   b - Searing Ray                    Conjuration                  2
   c - Dazzling Spray                 Conjuration/Hexes            3
   d - Fulminant Prism                Conjuration/Hexes            4
   e - Force Lance                    Conjuration/Translocation    4
   f - Iskenderun's Mystic Blast      Conjuration                  4
Comestibles
 c - 6 bread rations
 f - 6 meat rations
 g - 4 chunks of flesh
 u - 8 fruits
 G - a royal jelly


   Skills:
 + Level 4.9 Fighting
 + Level 3.3 Dodging
 + Level 6.0 Unarmed Combat
 * Level 7.6 Spellcasting
 * Level 2.8 Conjurations
 + Level 3.0 Summonings
 * Level 5.5 Transmutations
 + Level 0.6 Fire Magic
 * Level 4.3 Air Magic
 * Level 2.6 Poison Magic
 + Level 2.1 Invocations


You had 4 spell levels left.
You knew the following spells:

 Your Spells              Type           Power        Failure   Level  Hunger
a - Beastly Appendage     Tmut           ###...       1%          1    None
b - Sticks to Snakes      Tmut           ###.....     1%          2    None
c - Magic Dart            Conj           ###.         1%          1    None
d - Mephitic Cloud        Conj/Pois/Air  ###.....     3%          3    ##.....
e - Spider Form           Tmut/Pois      ###.......   2%          3    ##.....
f - Call Imp              Summ           ###.....     1%          2    None
g - Conjure Flame         Conj/Fire      ##......     7%          3    ##.....
h - Summon Lightning Spi  Summ/Air       ###.....     11%         4    ####...


Dungeon Overview and Level Annotations

Branches:
Dungeon (9/15)             Temple (1/1) D:5
   Lair: D:8-11         Orc: D:9-12

Altars:
Ashenzari
Cheibriados
Dithmenos
Elyvilon
Fedhas
Gozag
Hepliaklqana
Kikubaaqudgha
Makhleb
Nemelex Xobeh
Okawaru
Qazlal
Ru
Sif Muna
Trog
Uskayaw
Vehumet
Xom
Yredelemnul
Zin
The Shining One

Annotations:
D:9 Erica


Innate Abilities, Weirdness & Mutations

You can breathe wild blasts of lightning.
Your glossy black scales are hard. (AC +7)
You cannot fit into any form of body armour.
You are resistant to electric shocks. (rElec)
You are cold-blooded and may be slowed by cold attacks.
Your tail ends in a poisonous barb.
You have supernaturally acute eyesight. (SInv)
Your mind is acute. (Int +2)
You are weak. (Str -2)


Message History

t - Hiss!
Orders for allies: a - Attack new target. p - Attack previous target. r - Retreat! s - Stop attacking. g - Guard the area. f - Follow me.
Anything else - Cancel.
Okay, then.
Erica closely misses your adder.
Your transformation has ended.
Your +0 cloak unmelds from your body.
Your +1 pair of gloves unmelds from your body.
Your +0 pair of boots unmelds from your body.
Erica hits your adder with a scimitar of flaming!
Erica burns your adder.
Your adder dies!
Erica points at you and mumbles some strange words.
The bolt of poison hits your ball python.
Your ball python dies!
The bolt of poison hits you!
You are poisoned.
You die...

.. #..# ##### #.# #.##
#.....#..# ##.# #.....
#.# ##..# .....
#.###..###
#..###........###
#..##............
##............####
###..@.#..#######
#....Sl@...).# ####
#.##.........###...
#.##...............##
#.##......[......#..#
#..#.........##.###.##
##.#.........##.###<._
#.#..)......##.#...##
#.#.........##...#.#


You could see Erica (invisible), an iguana and a friendly adder.

Vanquished Creatures
  A hippogriff (D:7)
  2 wyverns (D:8)
  4 sky beasts
  An eye of draining (D:7)
  A phantom (D:6)
  2 ogres
  2 centaurs
  4 bullfrogs
  A big kobold (D:8)
  2 scorpions
  2 howler monkeys
  A centaur zombie (D:9)
  2 crimson imps
  A bullfrog zombie (D:5)
  3 hounds
  2 jellies
  An orc priest (D:3)
  Crazy Yiuf (D:2)
  5 orc wizards
  An iguana (D:8)
  4 worker ants
  2 hound zombies
  3 hound skeletons
  Robin (D:2)
  2 howler monkey skeletons
  3 gnolls (D:6)
  3 river rats (Sewer)
  16 adders
  A shadow imp (D:5)
  2 oozes
  An adder skeleton (D:4)
  3 worms
  3 dart slugs
  7 leopard geckos
  19 orcs
  6 bats
  5 giant cockroaches
  16 goblins
  16 hobgoblins
  22 jackals
  A quokka (D:3)
  4 ball pythons
  10 frilled lizards
  A jackal skeleton (D:5)
  14 kobolds
  30 rats
234 creatures vanquished.

Vanquished Creatures (collateral kills)
  A hippogriff (D:9)
  A wyvern (D:8)
  Edmund (D:4)
  An ice beast (D:9)
  A black bear (D:8)
  A centaur (D:9)
  A crocodile (D:9)
  A big kobold (D:8)
  2 bullfrogs
  3 scorpions
  A howler monkey (D:6)
  A centaur zombie (D:5)
  2 crimson imps
  A hound (D:8)
  A bullfrog skeleton (D:8)
  3 worker ants
  A gnoll (D:6)
  3 adders
  4 orcs
  6 ball pythons (Sewer)
  A giant cockroach (D:7)
  A frilled lizard (Sewer)
  2 kobolds (D:8)
  A leopard gecko zombie (D:8)
  5 rats (Sewer)
46 creatures vanquished.

Vanquished Creatures (others)
  4 fungi (D:9)
  5 plants (D:9)
9 creatures vanquished.

Grand Total: 289 creatures vanquished

Notes
Turn   | Place    | Note
-------+----------+-------------------------------------------
     0 | D:1      | mike239x the Draconian Transmuter began the quest for the Orb.
     0 | D:1      | Reached XP level 1. HP: 16/16 MP: 3/3
   164 | D:1      | Reached XP level 2. HP: 13/23 MP: 3/5
   536 | D:1      | Reached XP level 3. HP: 28/28 MP: 6/6
   881 | D:2      | Noticed Robin
   907 | D:2      | Killed Robin
  1198 | D:2      | Reached XP level 4. HP: 35/36 MP: 4/7
  1516 | D:2      | Found a runed door.
  1523 | D:2      | Learned a level 2 spell: Sticks to Snakes
  1526 | D:2      | Noticed Crazy Yiuf
  1534 | D:2      | Killed Crazy Yiuf
  1814 | D:3      | Found a faded altar of an unknown god.
  2043 | D:3      | Reached XP level 5. HP: 29/41 MP: 7/9
  2164 | D:3      | Reached skill level 3 in Spellcasting
  2591 | D:3      | Found an ancient bone altar of Kikubaaqudgha.
  2764 | D:3      | Learned a level 1 spell: Magic Dart
  3075 | D:4      | Noticed Edmund
  3341 | D:4      | Reached XP level 6. HP: 42/50 MP: 4/11
  3796 | D:4      | Reached skill level 4 in Spellcasting
  4228 | D:4      | Killed Edmund
  4228 | D:4      | Your scales start taking on a glossy black colour.
  4228 | D:4      | Reached XP level 7. HP: 30/56 MP: 2/13
  4228 | D:4      | Gained mutation: You are resistant to electric shocks. (rElec) [Black Draconian growth]
  4318 | D:4      | Learned a level 3 spell: Mephitic Cloud
  4551 | D:5      | Entered Level 5 of the Dungeon
  4595 | D:5      | Found a burning altar of Makhleb.
  4851 | D:5      | Reached skill level 5 in Spellcasting
  4851 | D:5      | Reached skill level 1 in Air Magic
  5086 | D:5      | Found a blossoming altar of Fedhas.
  5086 | D:5      | Found an opulent altar of Gozag.
  5166 | D:5      | Found a staircase to the Ecumenical Temple.
  5187 | Temple   | Entered the Ecumenical Temple
  5303 | Temple   | Became a worshipper of Sif Muna the Loreminder
  5326 | D:5      | Gained mutation: You have supernaturally acute eyesight. (SInv) [mutagenic meat]
  5327 | D:5      | Gained mutation: Your tail ends in a poisonous barb. [mutagenic meat]
  5329 | D:5      | Gained mutation: You are weak. (Str -2) [mutagenic meat]
  5330 | D:5      | Gained mutation: Your mind is acute. (Int +2) [mutagenic meat]
  5353 | D:5      | Found a stormy altar of Qazlal.
  5484 | D:5      | Reached XP level 8. HP: 62/62 MP: 10/16
  5495 | D:5      | Learned a level 3 spell: Spider Form
  5498 | D:5      | Learned a level 2 spell: Call Imp
  5700 | D:6      | Reached skill level 5 in Unarmed Combat
  5727 | D:6      | Found a glowing drain.
  5731 | Sewer    | Entered a sewer
  5916 | Sewer    | Reached skill level 1 in Poison Magic
  5995 | Sewer    | Reached * piety under Sif Muna
  6390 | Sewer    | Reached skill level 1 in Summonings
  6492 | Sewer    | Reached skill level 6 in Spellcasting
  6542 | Sewer    | Reached skill level 1 in Invocations
  7230 | D:6      | Reached skill level 1 in Conjurations
  7316 | D:6      | Found a glowing silver altar of Zin.
  7656 | D:7      | Noticed a hippogriff
  7794 | D:7      | Killed a hippogriff
  7893 | D:7      | Reached ** piety under Sif Muna
  8033 | D:6      | Learned a level 3 spell: Conjure Flame
  8231 | D:7      | Reached XP level 9. HP: 71/71 MP: 10/18
  8237 | D:7      | Learned a level 4 spell: Summon Lightning Spire
  8550 | D:7      | Learned a level 1 spell: Summon Small Mammal
  8859 | D:8      | Reached skill level 5 in Transmutations
  8985 | D:8      | Reached skill level 7 in Spellcasting
  9258 | D:8      | Reached *** piety under Sif Muna
  9778 | D:9      | Found a glowing silver altar of Zin.
 10013 | D:9      | Noticed Erica
 10058 | D:9      | Killed from afar by Erica

Skill      XL: |  1  2  3  4  5  6  7  8  9 |
---------------+----------------------------+-----
Dodging        | 2 3 |  3.3
Fighting       | 2 4 |  4.9
Unarmed Combat | 4 5 6 |  6.0
Transmutations | 3 4 5 |  5.5
Spellcasting   | 3 4 5 6 7 |  7.6
Air Magic      | 1 3 4 |  4.3
Poison Magic   | 1 2 |  2.6
Summonings     | 2 3 |  3.0
Invocations    | 2 |  2.1
Conjurations   | 1 2 |  2.8
Fire Magic     | |  0.6

Action                   |  1- 3 |  4- 6 |  7- 9 || total
-------------------------+-------+-------+-------++-------
Melee: Unarmed           |   138 |   296 |   519 ||   953
       Tailslap          |    12 |    33 |    47 ||    92
       Kick              |     3 |       |       ||     3
       Headbutt          |     4 |    40 |    57 ||   101
       Punch             |       |     2 |     9 ||    11
 Cast: Beastly Appendage |     7 |    34 |    70 ||   111
       Sticks to Snakes  |       |    27 |    29 ||    56
       Magic Dart        |       |    19 |     2 ||    21
       Mephitic Cloud    |       |       |     7 ||     7
       Call Imp          |       |       |   123 ||   123
       Spider Form       |       |       |    10 ||    10
       Summon Small Mamm |       |       |     7 ||     7
       Summon Lightning  |       |       |     4 ||     4
       Conjure Flame     |       |       |     1 ||     1
Invok: Divine Energy     |       |       |     3 ||     3
       Stop Divine Energ |       |       |     2 ||     2
  Use: Scroll            |     4 |       |    15 ||    19
       Potion            |     3 |     1 |    15 ||    19
 Stab: Distracted        |       |     2 |     6 ||     8
       Confused          |       |       |     1 ||     1
       Invisible         |       |       |     1 ||     1
       Sleeping          |       |       |     1 ||     1
  Eat: Chunk             |     1 |    11 |    26 ||    38
       Fruit             |       |       |     1 ||     1
Armor: Skin              |    38 |    95 |   200 ||   333
Dodge: Dodged            |    89 |   166 |   388 ||   643
